Unix NetHack Version 3.7.0-102 Work-in-progress - last build Apr 6 2024 13:22:21 (d302a6a9ff6341f1a922d8f5af178406b35fdf99,branch:master). Game began 2024-04-30 12:38:13, ended 2024-04-30 12:54:38. elenmirie, neutral female gnomish Archeologist ----- -...| ----- |...| -------------------------------- |.... |....########-..............................| |...| |...| |.------+------ ---- ----- | |...| ##|...|######@#..| |...-# ##....|# |.| |<..|# #-----# |.- --+--########### |.. # |.-- # |.| # |.| # |.| |.| |.| |.| |.- |. --- Elenmirie the Field Worker St:11 Dx:9 Co:15 In:15 Wi:14 Ch:11 Neutral Dlvl:7 $:0 HP:0(40) Pw:33(33) AC:4 Xp:5/202 T:2460 Burdened Blind Latest messages: You hit the imp. Yermak misses the imp. The monkey hits! The monkey tries to steal your helm but gives up. The imp misses! Yermak bites the imp. The imp is killed! The monkey hits! The monkey tries to take your tinning kit but gives up. The monkey bites! Yermak eats an imp corpse. You kill the monkey! You see here a scroll labeled TEMOV. You have a little trouble lifting P - a scroll labeled TEMOV. What do you want to use or apply? [aegipqtwxFJN or ?*] w You put a scroll labeled TEMOV into the sack. You hear bubbling water. You swap places with Yermak. You stop searching. You hear some noises. You hear a door open. You hear some noises. You stop searching. You stop searching. You hear some noises in the distance. Yermak misses the monkey. You hear some noises. You swap places with Yermak. You hear some noises in the distance. The raven misses! The raven blinds you! It bites! You miss it. It just misses! It bites! You hit it. It bites! It bites! You miss it. It bites! It bites! It bites! It bites! It bites! You die... Do you want your possessions identified? [ynq] (y) y Do you want to see your attributes? [ynq] (y) y Do you want an account of creatures vanquished? [ynaq] (y) y Do you want to see your conduct and achievements? [ynq] (y) y Do you want to see the dungeon overview? [ynq] (y) y Inventory: Weapons M - an uncursed +0 elven dagger n - a cursed -2 elven dagger a - an uncursed +2 bullwhip F - an uncursed +0 dwarvish mattock (weapon in hands) Armor c - an uncursed +0 fedora o - an uncursed +0 orcish helm (being worn) z - an uncursed +0 alchemy smock with text "Don't mess with the chef" (being worn) k - an uncursed +0 cloak of displacement v - a blessed +2 leather armor (being worn) Comestibles d - 2 uncursed food rations Wands q - an uncursed wand of light (0:12) J - an uncursed wand of locking (0:5) Tools w - an uncursed sack containing 10 items x - an uncursed blindfold N - an uncursed can of grease (0:9) p - an uncursed magic whistle i - an uncursed oil lamp e - a cursed skeleton key t - an uncursed tinning kit (0:37) Gems/Stones B - an uncursed garnet stone g - an uncursed touchstone Contents of the sack: 32 gold pieces an uncursed scroll of create monster an uncursed scroll of fire an uncursed scroll of identify an uncursed scroll of remove curse an uncursed scroll of scare monster an uncursed scroll of teleportation an uncursed potion of restore ability an uncursed can of grease (0:16) an uncursed +0 pick-axe Elenmirie the Archeologist's attributes: Background: You were a Field Worker, a level 5 female gnomish Archeologist. You were neutral, on a mission for Camaxtli who was opposed by Quetzalcoatl (lawful) and Huhetotl (chaotic). You were right-handed. You were in the Gnomish Mines, on level 7. You entered the dungeon 2460 turns ago. You had 202 experience points, 118 more were needed to attain level 6. Basics: You had 0 out of 40 hit points. You had all 33 energy points (spell power). Your armor class was 4. Your wallet was empty, but you had 32 zorkmids stashed away in your pack. Autopickup was on for '$' plus thrown. Final Characteristics: Your strength was 11 (limit:18/50). Your dexterity was 9 (limit:18). Your constitution was 15 (limit:18). Your intelligence was 15 (limit:19). Your wisdom was 14 (limit:18). Your charisma was 11 (limit:18). Final Status: You were temporarily blind. You weren't hungry. You were burdened; movement was slightly slowed. You were wielding a mattock. You had basic skill with pick-axe. Final Attributes: You were piously aligned. You were poison resistant. You were acid resistant. Your items were protected from acid. You had automatic searching. You had infravision. You were stealthy. You were warded. You are dead. Miscellaneous: You never encountered a bones level. Total elapsed playing time was 16 minutes and 18 seconds. Major events: Turn 1: elenmirie the neutral female gnomish Archeologist entered the dungeon 1031: attained the rank of Field Worker (level 3) 1254: entered the Gnomish Mines 2332: reached Mine Town 2460: killed by a raven Vanquished creatures: a small mimic an imp a rock piercer a rock mole a gnome leader 4 giant ants 3 dwarves 2 homunculi 2 monkeys an orc zombie a dwarf zombie a wererat an iguana 4 hobbits a large kobold a hobgoblin a giant rat 10 gnomes 2 gnome zombies 4 geckos a fox 3 goblins 3 grid bugs 4 lichens 2 kobold zombies 7 newts 63 creatures vanquished. No species were genocided or became extinct. Voluntary challenges: You read items or engraved 1 time. You never engraved Elbereth. You never genocided any monsters. You never polymorphed an object. You never changed form. You used no wishes. Achievements: You entered a shop. You attained the rank of Field Worker. You entered the Gnomish Mines. You entered Minetown. The Dungeons of Doom: levels 1 to 4 Level 1: A sink. Level 2: "zombie level" Level 3: A sink. Stairs down to The Gnomish Mines. Level 4: The Gnomish Mines: levels 4 to 7 Level 4: Level 5: Level 6: Level 7: <- You were here. Final resting place for you, killed by a raven. Game over: ---------- / \ / REST \ / IN \ / PEACE \ / \ | elenmirie | | 32 Au | | killed by a | | raven | | | | | | 2024 | *| * * * | * _________)/\\_//(\/(/\)/\//\/|_)_______ Goodbye elenmirie the Archeologist... You died in The Gnomish Mines on dungeon level 7 with 1147 points, and 32 pieces of gold, after 2460 moves. You were level 5 with a maximum of 40 hit points when you died.